 Dungeon Crawl Stone Soup version 0.28-a0-1002-gf00fe891ef (webtiles) character file.

Game seed: 10214351773718657274

149 ytrimaz the Insei (level 5, 0/33 (34) HPs)
             Began as an Octopode Transmuter on Dec 6, 2021.
             Was an Initiate of Ashenzari.
             Slain by an ufetubus (3 damage)
             ... summoned by a ynoxinul
             ... created by the fury of Makhleb
             ... on level 3 of the Dungeon.
             The game lasted 00:02:54 (2920 turns).

ytrimaz the Insei (Octopode Transmuter)             Turns: 2920, Time: 00:02:54

HP:   0/33 (34)     AC:  1    Str:  9    XL:     5   Next: 31%
MP:   9/9           EV: 13    Int: 17    God:    Ashenzari [......]
Gold: 136           SH:  0    Dex: 13    Spells: 8/9 levels left

rFire   . . .      SeeInvis .     - Unarmed
rCold   . . .      Faith    .   (no shield)
rNeg    . . .      Spirit   .   (helmet currently unavailable)
rPois   .          Reflect  .   (no amulet)
rElec   .          Harm     .   (no ring)
rCorr   .          Rampage  .   (no ring)
Will    .....                   (no ring)
Stlth   ++........              (no ring)
HPRegen 0.11/turn               (no ring)
MPRegen 0.11/turn               (no ring)
                                (no ring)
                                (no ring)

@: mighty, appendages, lightly drained
A: tentacle spike 3, almost no armour, amphibious, 8 rings, camouflage 1,
gelatinous body 1, (nimble swimmer 1), tentacles
a: End Transformation, Renounce Religion


You were on level 3 of the Dungeon.
You worshipped Ashenzari.
Ashenzari was noncommittal.
One of your tentacles had grown a beastly spike.
You visited 1 branch of the dungeon, and saw 3 of its levels.

You collected 136 gold pieces.

Inventory:

Jewellery
 d - a ring of protection from cold
Scrolls
 b - 2 scrolls of identify
 c - a scroll of summoning {unknown}
Potions
 a - a potion of cancellation


   Skills:
 * Level 2.1 Fighting
 - Level 2.0 Dodging
 + Level 4.5 Unarmed Combat
 * Level 2.8 Spellcasting
 * Level 2.7 Transmutations


You had 8 spell levels left.
You knew the following spells:

 Your Spells              Type           Power      Damage    Failure   Level
a - Beastly Appendage     Tmut           22%        N/A       6%          1

Your spell library contained the following spells:

 Spells                   Type           Power      Damage    Failure   Level
 Wereblood                Tmut           11%        N/A       9%          2
 Spider Form              Tmut/Pois      7%         N/A       30%         3
 Ice Form                 Ice/Tmut       7%         N/A       71%         4


Dungeon Overview and Level Annotations

Branches:
Dungeon (3/15)

Altars:
Ashenzari
Makhleb

Shops:
D:2 ?


Innate Abilities, Weirdness & Mutations

One of your tentacles has grown a beastly spike.
You cannot wear most types of armour.
You are amphibious.
You can wear up to eight rings at the same time.
Your skin changes colour to match your surroundings (Stealth+).
Your rubbery body absorbs attacks. (AC +1, EV +1)
((You are camouflaged near water. (Stealth+)))
You have tentacles for arms and can constrict up to eight enemies at once.


Message History

The ufetubus disappears in a puff of smoke!
You tentacle-slap the ufetubus. Your grab misses the ufetubus.
Your tentacle spike misses the ufetubus.
The ufetubus is severely wounded.
The ufetubus barely misses you. The ufetubus closely misses you.
The ufetubus hits you. The ufetubus closely misses you.
You barely miss the ufetubus. You grab the ufetubus.
You pierce the ufetubus.
You tentacle-slap the ufetubus, but do no damage.
The ufetubus is almost dead.
You constrict the ufetubus.
You kill the ufetubus!
The ufetubus disappears in a puff of smoke!
You barely miss the ynoxinul. Your grab misses the ynoxinul.
You pierce the ynoxinul.
Your squeeze misses the ynoxinul.
The ynoxinul is lightly wounded.
The ynoxinul gestures.
You closely miss the ynoxinul. Your grab misses the ynoxinul.
Your squeeze misses the ynoxinul.
The ynoxinul is lightly wounded.
The ufetubus barely misses you. The ufetubus misses you. The ynoxinul hits you.
The ufetubus hits you but does no damage.
The ufetubus hits you.
The ufetubus hits you but does no damage.
The ufetubus hits you.
You tentacle-slap the ynoxinul. Your grab misses the ynoxinul.
You squeeze the ynoxinul, but do no damage.
The ynoxinul is moderately wounded.
The ufetubus hits you. The ufetubus barely misses you. The ufetubus hits you.
The ufetubus barely misses you. The ynoxinul barely misses you.
The ufetubus hits you. The ufetubus misses you. The ufetubus hits you.
* * * LOW HITPOINT WARNING * * *
The ufetubus closely misses you.
It was a potion of might.
You feel very mighty all of a sudden. The ufetubus hits you.
* * * LOW HITPOINT WARNING * * *
The ufetubus hits you.
* * * LOW HITPOINT WARNING * * *
The ufetubus closely misses you. x3; The ufetubus hits you.
You die...

#....#.##.........# #
#......##.........# .#
..##...............#####.###
...........................#
#.#####.##.............#.# ##
#.# ##...........###.##.#..#
##.####............###.....#
.........##....555.###...#.>.#
.#......###.####@#..#....# .#
###.....###.## #3#..#....#
#.###......# #5#.._..#.# ##.#
####.#.# #5...#..#.# #..## #
##.))#....# #...# ##.###.#.#
##.#.## #..###.#.# ...#..#
#..###..<# ...##.# .#
#.........#


You could see a ynoxinul and 5 ufetubi.

Vanquished Creatures
  An orc wizard (D:3)
  4 adders
  An ufetubus (D:3)
  3 dart slugs
  2 worms (D:2)
  2 orcs (D:3)
  5 ball pythons
  6 bats
  4 endoplasms
  A giant cockroach (D:1)
  2 goblins
  6 hobgoblins
  13 jackals
  2 kobolds
  6 quokkas
  4 frilled lizards
  A rat (D:3)
63 creatures vanquished.

Vanquished Creatures (others)
  6 plants (D:2)
6 creatures vanquished.

Grand Total: 69 creatures vanquished

Notes
Turn   | Place    | Note
-------+----------+-------------------------------------------
     0 | D:1      | ytrimaz the Octopode Transmuter began the quest for the
                  | Orb.
     0 | D:1      | Reached XP level 1. HP: 13/13 MP: 3/3
   231 | D:1      | Reached XP level 2. HP: 16/18 MP: 5/5
   811 | D:1      | Reached XP level 3. HP: 23/23 MP: 6/6
   996 | D:2      | Found a faded altar of an unknown god.
  1003 | D:2      | Prayed at the altar of an unknown god.
  1003 | D:2      | Became a worshipper of Makhleb the Destroyer
  1003 | D:2      | Reached * piety under Makhleb
  1109 | D:2      | Reached XP level 4. HP: 28/28 MP: 7/7
  1381 | D:2      | Found Saffu's Magic Scroll Shoppe.
  1483 | D:2      | Reached skill level 4 in Unarmed Combat
  2608 | D:3      | Reached ** piety under Makhleb
  2609 | D:3      | Reached XP level 5. HP: 22/34 MP: 9/9
  2797 | D:3      | Found a broken altar of Ashenzari.
  2808 | D:3      | Fell from the grace of Makhleb
  2808 | D:3      | Became a worshipper of Ashenzari the Shackled
  2816 | D:3      | HP: 1/31 [orc (5)]
  2908 | D:3      | Noticed a ynoxinul
  2920 | D:3      | Slain by an ufetubus

Illustrated notes

Levels and vault maps discovered:
D:1:      saegor_arrival_simple_b, layout_rooms, moated_statue,
          hangedman_feature_mirror, minmay_misc_feat_cross, hex_medium
D:2:      layout_basic, nicolae_ecumenical_oubliette, serial_bayou,
          serial_bayou_crossing, serial_bayou_pond_c, serial_bayou_pond_c,
          serial_bayou_shore_a, serial_shops, nicolae_shop_stone
D:3:      layout_rooms, mainiacjoe_overflow_paths, cheibrodos_ashenzari_chains,
          lemuel_zombie_altar_yredelemnul

Skill      XL: |  1  2  3  4 |
---------------+-------------+-----
Unarmed Combat | 4 |  4.5
Fighting       | 2 |  2.1
Dodging        | |  2.0
Spellcasting   | |  2.8
Transmutations | |  2.7

Action                   |  1- 3 |  4- 6 || total
-------------------------+-------+-------++-------
Melee: Unarmed           |    82 |   103 ||   185
       Constrict         |    24 |    21 ||    45
       Tentacles         |    15 |    12 ||    27
       Kick              |     3 |     4 ||     7
       Punch             |     3 |     3 ||     6
 Cast: Beastly Appendage |     2 |     2 ||     4
  Use: Scroll            |     3 |       ||     3
       Potion            |       |     2 ||     2
 Stab: Sleeping          |     1 |     4 ||     5
Armor: Skin              |     9 |     7 ||    16
Dodge: Dodged            |    59 |    72 ||   131

Table legend: (Time is in decaauts)
 A = Elapsed time spent in this place.
 B = Non-inter-level travel time spent in this place.
 C = Inter-level travel time spent in this place.
 D = Time resting spent in this place.
 E = Time spent auto-exploring this place.
 F = Levels seen in this place.
 G = Mean time per level.
                   A        B        C        D        E       F      G
               +--------+--------+--------+--------+--------+-----+--------+
         Total |   2906 |   2840 |     66 |     84 |   2269 |   3 |  968.7 |
       Dungeon |   2906 |   2840 |     66 |     84 |   2269 |   3 |  968.7 |
               +--------+--------+--------+--------+--------+-----+--------+

Top non-repeatable levels by time:
     D:2: 1248 daAuts
     D:1: 1005 daAuts
     D:3: 651 daAuts
